Match 45182645
Unlisted

Match 45182645
End
Construct Infanterie Kompanie
Pioneer Squad
Grenadier Squad
MG 42 Machine Gun Team
Selects Terror Battlegroup
Selects Machine Gun Camouflage
MG 42 Bunker
Construct Panzergrenadier Kompanie
Medical Station
Panzergrenadier Squad
Panzergrenadier Officer Quarters
Pak 40 Anti-tank Gun Team
Panzergrenadier Squad
Pioneer Squad
Selects No Quarter
Forward Retreat Point
251 Medium Carrier
251 Medium Carrier
Construct Panzer Kompanie
Sturmpanzer IV Brummbär
Selects King Tiger Heavy Tank
pipiku
Kylen
Sgt wiggumZ
Svenious Jakobus (GB)
Tuxedo Shirt Jesus
That guy
0
0

Comments sign in to comment!

No comments posted yet!